[Event "*** Titled Tuesday 3|2 Blitz"]
[Site "Chess.com"]
[Date "2016.10.04"]
[Round "1"]
[White "dsanchez1973"]
[Black "VMikhalevski"]
[Result "0-1"]
[WhiteElo "2113"]
[BlackElo "2448"]
[TimeControl "180+2"]
[EndTime "11:01:51 PDT"]
[Termination "VMikhalevski won by resignation"]

1. e4 e5 2. Nf3 Nc6 3. Bb5 a6 4. Ba4 Nf6 5. O-O Nxe4 6. d3 Nc5 7.
Bb3 Nxb3 8. axb3 Be7 9. Nc3 O-O 10. d4 exd4 11. Nxd4 Nxd4 12. Qxd4 c6 13. Rd1 d5 14. Be3 Bf5 15. Na4 Bxc2 16. Re1 Bxb3 17. Nb6 c5 18. Qc3 Qxb6 0-1

[Event "*** Titled Tuesday 3|2 Blitz"]
[Site "Chess.com"]
[Date "2016.10.04"]
[Round "1"]
[White "VSERGUEI"]
[Black "Rating-Schmating"]
[Result "1-0"]
[WhiteElo "2491"]
[BlackElo "2215"]
[TimeControl "180+2"]
[EndTime "11:02:48 PDT"]
[Termination "VSERGUEI won by resignation"]

1. d4 Nf6 2. c4 e6 3. Nc3 Bb4 4.
f3 d5 5. a3 Bxc3+ 6. bxc3 O-O 7.
cxd5 exd5 8. e3 Re8 9. Bd3 Nc6 10. Ne2 Ne7 11. Ng3 Ng6 12. O-O c6 13. e4 dxe4 14.
fxe4 Ng4 15. h3 Nf6 16. Bg5 Qc7 17. Qf3 Kh8 18. Bxf6 gxf6 19. Qxf6+ Kg8 20. Nh5 Qe5 21. dxe5 1-0

[Event "*** Titled Tuesday 3|2 Blitz"]
[Site "Chess.com"]
[Date "2016.10.04"]
[Round "1"]
[White "Mepetmepe"]
[Black "jcibarra"]
[Result "0-1"]
[WhiteElo "2351"]
[BlackElo "2696"]
[TimeControl "180+2"]
[EndTime "11:04:03 PDT"]
[Termination "jcibarra won by resignation"]

1. Nf3 d5 2. g3 Nf6 3. Bg2 g6 4. O-O Bg7 5. d4 O-O 6. c4 c6 7. cxd5 cxd5 8. Nc3 Ne4 9. Bf4 Nxc3 10. bxc3 Nc6 11.
Nd2 Na5 12. e4 dxe4 13. Nxe4 Be6 14. Re1 Bd5 15. Qa4 b6 16. Rac1 Rc8 17. Nd2 Bxg2 18. Kxg2 Qd5+ 19. Kg1 e6 20. Be5 Bh6 21. Rc2 Bxd2 22.
Rxd2 Rxc3 23. Rc2 b5 24. Qxa5 Rxc2 25. Qxa7 Qxa2 26. Qe7 Rxf2 27. Qh4 Rg2+ 28. Kh1 Re2 29. Rf1 Qd5+ 0-1

[Event "*** Titled Tuesday 3|2 Blitz"]
[Site "Chess.com"]
[Date "2016.10.04"]
[Round "1"]
[White "1stSecond"]
[Black "keisyzrk"]
[Result "1-0"]
[WhiteElo "2542"]
[BlackElo "2270"]
[TimeControl "180+2"]
[EndTime "11:04:03 PDT"]
[Termination "1stSecond won by resignation"]

1. d4 d5 2. c4 c6 3. Nc3 Nf6 4. Nf3 e6 5. e3 Nbd7 6. Qc2 Bd6 7. Bd2 b6 8. cxd5 exd5 9. Bd3 Bb7 10. O-O O-O 11.
Rfe1 c5 12. Nb5 Bb8 13. dxc5 Nxc5 14. Bf5 Nfe4 15. Nbd4 Qf6 16. b4 Nxd2 17. Nxd2 Ne4 18. Nxe4 dxe4 19. Bxe4 Qh4 20. Bxb7 Qxh2+ 21. Kf1 1-0

[Event "*** Titled Tuesday 3|2 Blitz"]
[Site "Chess.com"]
[Date "2016.10.04"]
[Round "1"]
[White "pKiLz5Rn9b"]
[Black "Hieronymus00"]
[Result "1-0"]
[WhiteElo "2475"]
[BlackElo "2183"]
[TimeControl "180+2"]
[EndTime "11:04:43 PDT"]
[Termination "pKiLz5Rn9b won by resignation"]

1. e4 e5 2. Nf3 Nc6 3. Bc4 Nf6 4. d3 Bc5 5. c3 a6 6. h3 Ba7 7. Nbd2 d6 8. Bb3 h6 9. Nf1 Ne7 10. Ng3 Ng6 11. O-O Qe7 12. d4 O-O 13. Re1 c6 14. Be3 Rd8 15. Qc2 Nh7 16. Nf5 Qf6 17. Nh2 h5 18. Rad1 Bxf5 19. exf5 Nh4 20. dxe5 dxe5 21. Bxa7 Rxd1 22. Qxd1 Rxa7 23. Qxh5 Nxf5 24. Ng4 1-0

[Event "*** Titled Tuesday 3|2 Blitz"]
[Site "Chess.com"]
[Date "2016.10.04"]
[Round "1"]
[White "Mornar1951"]
[Black "filali-oujda"]
[Result "1-0"]
[WhiteElo "2582"]
[BlackElo "2303"]
[TimeControl "180+2"]
[EndTime "11:04:53 PDT"]
[Termination "Mornar1951 won by resignation"]

1. Nf3 c6 2. d4 d5 3. c4 e6 4. Nbd2 Nf6 5. g3 Nbd7 6. Bg2 Bd6 7. O-O O-O 8. Qc2 e5 9. cxd5 Nxd5 10. Nc4 Bc7 11. dxe5 h6 12. Rd1 Qe7 13. e4 Nb4 14. Qc3 b5 15. Nd6 c5 16. Nxb5 Nxe5 17. Nxc7 Nxf3+ 18. Bxf3 Qxc7 19. Bf4 Qb6 20. Bd6 Be6 21. Bxc5 1-0

[Event "*** Titled Tuesday 3|2 Blitz"]
[Site "Chess.com"]
[Date "2016.10.04"]
[Round "1"]
[White "MyleneFarmer"]
[Black "GMHess"]
[Result "0-1"]
[WhiteElo "2301"]
[BlackElo "2577"]
[TimeControl "180+2"]
[EndTime "11:04:58 PDT"]
[Termination "GMHess won by resignation"]

1. e4 g6 2. Nc3 Bg7 3. d4 c6 4.
Nf3 d5 5. h3 dxe4 6. Nxe4 Nd7 7. Bc4 Nb6 8. Bb3 Nf6 9. Neg5 e6 10. Qe2 O-O 11. h4 Nbd5 12. c3 a5 13. h5 Nxh5 14.
Rxh5 gxh5 15. Nxh7 Kxh7 16. Ng5+ Kg6 17. Bc2+ f5 18.
Bd1 Nf6 19. Nh3 Kf7 20. Bg5 Qd5 21. Nf4 Qe4 22. Bb3 Qxe2+ 23. Kxe2 a4 24. Bc4 a3 25. b3 Ne4 0-1

[Event "*** Titled Tuesday 3|2 Blitz"]
[Site "Chess.com"]
[Date "2016.10.04"]
[Round "1"]
[White "cstefan"]
[Black "APL2001"]
[Result "0-1"]
[WhiteElo "2011"]
[BlackElo "2417"]
[TimeControl "180+2"]
[EndTime "11:05:09 PDT"]
[Termination "APL2001 won by resignation"]

1. e4 Nf6 2. Nc3 e5 3. Nf3 Nc6 4. Bb5 Bd6 5. O-O O-O 6. d3 h6 7. a3 a6 8. Bc4 b5 9. Ba2 Bb7 10. h3 Re8 11. Nh2 Nd4 12. Be3 Bf8 13. f4 d6 14. Ng4 Nxg4 15. Qxg4 Bc8 16. Qd1 Be6 17. Nd5 c6 18. f5 Nxf5 19. exf5 Bxd5 20. Bxd5 cxd5 21.
f6 g6 22. h4 Re6 23. Qd2 Rxf6 24. Bxh6 Rxf1+ 25. Rxf1 Qxh4 26. Bg5 Qd4+ 27. Kh1 Qg4 28. c3 Bg7 29. Be7 Qe6 30. Bg5 f6 31. Bh4 Kf7 32.
Kg1 Rh8 33. Qe3 Rxh4 0-1

[Event "*** Titled Tuesday 3|2 Blitz"]
[Site "Chess.com"]
[Date "2016.10.04"]
[Round "1"]
[White "Izoria123"]
[Black "BellJackson95"]
[Result "0-1"]
[WhiteElo "2571"]
[BlackElo "2343"]
[TimeControl "180+2"]
[EndTime "11:05:30 PDT"]
[Termination "BellJackson95 won by resignation"]

1. d4 Nf6 2. Bf4 c5 3. d5 e6 4. Nc3 d6 5. e4 exd5 6. Nxd5 Nxd5 7. Qxd5 Nc6 8. Bb5 Qa5+ 9. Qd2 Qxb5 10. Nf3 Be7 11.
Bxd6 Be6 12. Bxe7 Nxe7 13. O-O-O O-O 14. Qg5 Nc6 15. h4 f6 16. Qe3 Bxa2 17. b3 a5 18. e5 a4 19. exf6 Rxf6 20. bxa4 Qb1+ 21. Kd2 Rd8+ 0-1

[Event "*** Titled Tuesday 3|2 Blitz"]
[Site "Chess.com"]
[Date "2016.10.04"]
[Round "1"]
[White "lexiel"]
[Black "Iball95"]
[Result "0-1"]
[WhiteElo "2249"]
[BlackElo "2535"]
[TimeControl "180+2"]
[EndTime "11:05:44 PDT"]
[Termination "Iball95 won on time"]

1. d4 Nf6 2. Nf3 e6 3. Bf4 c5 4. e3 b6 5. c3 Bb7 6. Nbd2 Be7 7. Bd3 cxd4 8. exd4 O-O 9. O-O d6 10. h3 Nbd7 11. Re1 Re8 12. Qc2 Bf8 13. Rad1 a6 14. Ng5 g6 15. Ngf3 Rc8 16. Nh2 b5 17. Ndf1 Qb6 18.
Qd2 e5 19. Be3 Qc6 20. f3 Nb6 21. dxe5 dxe5 22. Bg5 Bg7 0-1

[Event "*** Titled Tuesday 3|2 Blitz"]
[Site "Chess.com"]
[Date "2016.10.04"]
[Round "1"]
[White "LuckyTiger"]
[Black "ZEN-22"]
[Result "1-0"]
[WhiteElo "2532"]
[BlackElo "2258"]
[TimeControl "180+2"]
[EndTime "11:06:07 PDT"]
[Termination "LuckyTiger won by resignation"]

1. e4 e6 2. d4 c5 3. Nf3 cxd4 4. Nxd4 Nf6 5. Nc3 Bb4 6. e5 Nd5 7. Bd2 Bxc3 8. bxc3 d6 9. exd6 Qxd6 10. Bd3 Nf4 11.
Be4 f5 12. Bf3 Qe5+ 13. Ne2 O-O 14. Bxf4 Qa5 15. O-O e5 16. Qd5+ Qxd5 17. Bxd5+ Kh8 18. Bxe5 Re8 19. f4 Nd7 20. Nd4 Nxe5 21. fxe5 Rxe5 22. Rae1 Rxe1 23. Rxe1 Bd7 24. Re7 Rd8 25. Bxb7 g6 26.
g3 f4 27. gxf4 Bh3 28. Kf2 Rf8 29. Kg3 Bc8 30. Bxc8 Rxc8 31. Re3 Kg7 32. f5 g5 33. h4 gxh4+ 34. Kxh4 Kf6 35. Kg4 h5+ 36. Kf4 Rg8 37. Re6+ Kf7 38. Rh6 Rg4+ 39. Ke5 Rg3 40. Rxh5 Rxc3 41.
Rh7+ Kg8 42. Rd7 Rc5+ 43. Kf6 Ra5 44. Ne6 Ra3 45. Rd8+ Kh7 46. Ng5+ 1-0

[Event "*** Titled Tuesday 3|2 Blitz"]
[Site "Chess.com"]
[Date "2016.10.04"]
[Round "1"]
[White "wannabe2700"]
[Black "Frolyanov_D"]
[Result "1-0"]
[WhiteElo "2259"]
[BlackElo "2443"]
[TimeControl "180+2"]
[EndTime "11:06:12 PDT"]
[Termination "wannabe2700 won by resignation"]

1. e4 e5 2. Nf3 Nf6 3. Nxe5 d6 4. Nf3 Nxe4 5. Nc3 Nxc3 6. dxc3 Be7 7. Be3 O-O 8. Qd2 Nd7 9. O-O-O c6 10. Bd3 Qa5 11.
Kb1 Nc5 12. b4 Qa3 13. bxc5 Be6 14. c4 dxc5 15. Qc1 Qa5 16. Bg5 f6 17. Bd2 Qc7 18. Rhe1 Bf7 19. Bf4 Qb6+ 20. Qb2 Rfe8 21. Bf5 Qa6 22.
Bd7 Qxc4 23. Bxe8 Rxe8 24. Bd6 Bxd6 25. Rxe8+ Bxe8 26. Rxd6 Qf1+ 27. Qc1 Qb5+ 28. Ka1 c4 29. c3 Bg6 30. Nd4 Qe5 31. Rd8+ Kf7 32. Qe3 1-0

[Event "*** Titled Tuesday 3|2 Blitz"]
[Site "Chess.com"]
[Date "2016.10.04"]
[Round "1"]
[White "HovmoellerHest"]
[Black "Sanan_Sjugirov"]
[Result "0-1"]
[WhiteElo "2336"]
[BlackElo "2699"]
[TimeControl "180+2"]
[EndTime "11:06:18 PDT"]
[Termination "Sanan_Sjugirov won by resignation"]

1. d4 Nf6 2. c4 e6 3. Nc3 Bb4 4.
Qc2 O-O 5. a3 Bxc3+ 6. Qxc3 d5 7. Bg5 c5 8. cxd5 cxd4 9. Qxd4 Nc6 10. Qh4 exd5 11. Bxf6 gxf6 12. Nf3 d4 13. b4 Re8 14. Rd1 d3 15. e3 Bf5 16. Qf4 Bg6 17. Nh4 Re4 18. Qg3 Ne5 19. Nxg6 hxg6 20. f4 Qb6 21.
Kf2 Rxe3 0-1

[Event "*** Titled Tuesday 3|2 Blitz"]
[Site "Chess.com"]
[Date "2016.10.04"]
[Round "1"]
[White "stefanodinn"]
[Black "ftorodent"]
[Result "0-1"]
[WhiteElo "2211"]
[BlackElo "2488"]
[TimeControl "180+2"]
[EndTime "11:06:24 PDT"]
[Termination "ftorodent won by resignation"]

1. e4 e6 2. d4 d5 3. Nd2 Be7 4. c3 c5 5. dxc5 Nf6 6. Bb5+ Bd7 7. Qe2 Bxb5 8. Qxb5+ Qd7 9. Qxd7+ Nbxd7 10. exd5 Nxd5 11.
Ne4 Nxc5 12. Nxc5 Bxc5 13. Nf3 Ke7 14. Ke2 Rhd8 15. Bd2 f6 16. c4 Nb4 17. Bxb4 Bxb4 18. a3 Bd6 19. b4 b6 20. Rac1 Rdc8 21. Rhd1 a5 22. bxa5 Rxa5 23. Rb1 Bc5 24. Rd3 Rca8 25.
Nd4 Rxa3 26. Nc6+ Ke8 27. Rxa3 Rxa3 0-1

[Event "*** Titled Tuesday 3|2 Blitz"]
[Site "Chess.com"]
[Date "2016.10.04"]
[Round "1"]
[White "annakantane"]
[Black "Iuri_Shkuro"]
[Result "0-1"]
[WhiteElo "2221"]
[BlackElo "2492"]
[TimeControl "180+2"]
[EndTime "11:06:41 PDT"]
[Termination "Iuri_Shkuro won by resignation"]

1. e4 Nc6 2. Nf3 d6 3. d4 Nf6 4. Nc3 g6 5. h3 Bg7 6. Be3 O-O 7.
Qd2 a6 8. O-O-O b5 9. Bd3 e5 10. d5 Na5 11. g4 Bb7 12. Kb1 c6 13. g5 Nh5 14. dxc6 Bxc6 15. Be2 Nf4 16. Bxf4 exf4 17. Nd5 Nc4 18. Bxc4 bxc4 19. c3 Re8 20. Rhe1 Rb8 21.
Ka1 Qa5 22. Nd4 Bxd5 23. exd5 Qxd5 24. Rxe8+ Rxe8 25. Qxf4 Be5 26. Qd2 Qg2 27. h4 Qg4 28.
Qe3 0-1

[Event "*** Titled Tuesday 3|2 Blitz"]
[Site "Chess.com"]
[Date "2016.10.04"]
[Round "1"]
[White "andretta"]
[Black "Mugzyyy"]
[Result "0-1"]
[WhiteElo "2240"]
[BlackElo "2526"]
[TimeControl "180+2"]
[EndTime "11:06:51 PDT"]
[Termination "Mugzyyy won by resignation"]

1. b3 e5 2. Bb2 f6 3. e4 Nc6 4. Nf3 Bc5 5. Nc3 Nh6 6. Bc4 Nf7 7. O-O O-O 8. d3 a6 9. Ne2 d6 10. Ng3 Kh8 11. Nh4 Qe8 12. Nhf5 g6 13. Ne3 b5 14. Bd5 Rb8 15. a4 Ne7 16. axb5 axb5 17. Kh1 Nh6 18.
Qd2 c6 19. Nd1 Kg7 20. Bc1 Ng4 21. f3 Nxh2 22. Qh6+ Kh8 23. Bxc6 Nxc6 24. Kxh2 Nd4 25. Ba3 b4 26. Bb2 Nxc2 27. Rc1 Nd4 28. Bxd4 Bxd4 29.
Rc7 Rf7 30. Rc2 Be6 31. Nf2 Bxb3 32. Rfc1 Bxc2 33. Rxc2 b3 0-1

[Event "*** Titled Tuesday 3|2 Blitz"]
[Site "Chess.com"]
[Date "2016.10.04"]
[Round "1"]
[White "Schemato"]
[Black "GMKrikor"]
[Result "1-0"]
[WhiteElo "2327"]
[BlackElo "2578"]
[TimeControl "180+2"]
[EndTime "11:07:01 PDT"]
[Termination "Schemato won by resignation"]

1. c4 e5 2. g3 Nc6 3. Nc3 Nf6 4.
Bg2 h6 5. h3 Bc5 6. e3 a6 7. Nge2 d6 8. O-O Ba7 9. d4 O-O 10. a3 Re8 11. b4 Bf5 12. Bb2 Qd7 13.
Kh2 Rad8 14. c5 exd4 15. exd4 dxc5 16. dxc5 Bd3 17. Re1 Qf5 18. Nf4 Be4 19. Nxe4 Nxe4 20. Qc2 Nxg3 21. Qc3 Nf1+ 22. Kg1 Ne5 23. Rxe5 Rxe5 24.
Qxe5 Qxe5 25. Bxe5 Nd2 26. Rd1 1-0

[Event "*** Titled Tuesday 3|2 Blitz"]
[Site "Chess.com"]
[Date "2016.10.04"]
[Round "1"]
[White "elefante33"]
[Black "Andrejkin"]
[Result "1-0"]
[WhiteElo "2482"]
[BlackElo "2189"]
[TimeControl "180+2"]
[EndTime "11:07:03 PDT"]
[Termination "elefante33 won by resignation"]

1. e4 c5 2. Nf3 d6 3. Bb5+ Bd7 4.
Bxd7+ Qxd7 5. c4 Nc6 6. d4 cxd4 7. Nxd4 Nf6 8. Nc3 g6 9. b3 Bg7 10. Bb2 O-O 11. O-O a6 12. Nxc6 bxc6 13. Re1 Qc7 14.
Qe2 Nd7 15. Kh1 Rad8 16. f4 e6 17. Rad1 Nb6 18. c5 dxc5 19. e5 Bh6 20. g3 c4 21.
bxc4 c5 22. Ne4 Qc6 23. Kg1 Qa4 24. Nd6 a5 25. Bc3 Ra8 26. Rb1 Qc6 27. Qg2 Qxg2+ 28. Kxg2 Na4 29. Bd2 Rfb8 30. Rb5 Bf8 31. Reb1 Rxb5 32.
Rxb5 Bxd6 33. exd6 Ra6 34. Rb8+ Kg7 35. d7 1-0

[Event "*** Titled Tuesday 3|2 Blitz"]
[Site "Chess.com"]
[Date "2016.10.04"]
[Round "1"]
[White "Carolina-moon"]
[Black "jncool68"]
[Result "1-0"]
[WhiteElo "2161"]
[BlackElo "2420"]
[TimeControl "180+2"]
[EndTime "11:07:06 PDT"]
[Termination "Carolina-moon won by resignation"]

1. e4 c5 2. Nc3 d6 3. f4 g6 4.
Nf3 Bg7 5. Bb5+ Bd7 6. Bxd7+ Qxd7 7. O-O Nc6 8. d3 Nf6 9. Qe1 Nd4 10. Nxd4 cxd4 11.
Ne2 Rc8 12. Nxd4 e5 13. Nf3 Rxc2 14. fxe5 dxe5 15. Bg5 Nh5 16. Rf2 Rxf2 17. Qxf2 O-O 18. Qxa7 Qxd3 19. Re1 Nf4 20. Bxf4 exf4 21. Qxb7 Rd8 22.
e5 Bf8 23. b4 Qc3 24. a3 Qxa3 25. Ng5 Bg7 26. Qxf7+ Kh8 27. Ne6 Rg8 28. Nxg7 Qxb4 29. Rd1 Qc5+ 30. Kh1 Rf8 31. Ne6 Rxf7 32. Nxc5 Re7 33.
e6 Kg7 34. Rd7 Kf6 35. Rxe7 Kxe7 36. Kg1 1-0

[Event "*** Titled Tuesday 3|2 Blitz"]
[Site "Chess.com"]
[Date "2016.10.04"]
[Round "1"]
[White "MFBerna"]
[Black "Kubas1010"]
[Result "0-1"]
[WhiteElo "2157"]
[BlackElo "2462"]
[TimeControl "180+2"]
[EndTime "11:07:10 PDT"]
[Termination "Kubas1010 won by resignation"]

1. e4 c5 2. Nf3 Nc6 3. d4 cxd4 4.
Nxd4 Nf6 5. Nc3 d6 6. Be3 Ng4 7. Bg5 h6 8. Bh4 g5 9. Bg3 Bg7 10. Bb5 Qb6 11. Nd5 Qxd4 12. Qxd4 Bxd4 13. Nc7+ Kd8 14.
Nxa8 Bxb2 15. Rd1 Bc3+ 16. Kf1 Be6 17. h4 gxh4 18. Rxh4 Kd7 19. Be2 Nf6 20. Rb1 Rxa8 21. Rxb7+ Kc8 22. Rb1 a5 23. Rxh6 Kc7 24. a4 Nxe4 25.
Bf4 Bg7 26. Rh5 Nc3 27. Rbb5 Nxe2 28. Kxe2 Nd4+ 29. Kd3 Nxb5 30. Rxb5 Bd7 31. Rb1 Bxa4 32. Re1 Kd7 0-1

[Event "*** Titled Tuesday 3|2 Blitz"]
[Site "Chess.com"]
[Date "2016.10.04"]
[Round "1"]
[White "Noukii"]
[Black "pedromartinez91"]
[Result "0-1"]
[WhiteElo "2622"]
[BlackElo "2345"]
[TimeControl "180+2"]
[EndTime "11:07:19 PDT"]
[Termination "pedromartinez91 won by resignation"]

1. d4 d5 2. c4 e6 3. Nf3 Be7 4. g3 Nf6 5. Bg2 O-O 6. O-O dxc4 7. Ne5 Nc6 8. Nxc6 bxc6 9. Na3 Rb8 10. Nxc4 c5 11.
Na5 Bd7 12. Nb7 Qc8 13. Nxc5 Bb5 14. Qc2 Rd8 15. Rd1 e5 16. Be3 Ng4 17. dxe5 Nxe3 18. fxe3 Qg4 19. Nd3 Qg5 20. Kf2 Bxd3 21. exd3 Qxe5 22.
b3 Bg5 23. Qe2 Re8 24. Re1 a5 25. Rac1 a4 26. d4 Qf6+ 27. Qf3 axb3 28. Qxf6 gxf6 29. h4 Bh6 30. Bd5 bxa2 31. Kf3 Rb2 32. e4 Bxc1 33. Rxc1 Rb1 0-1

[Event "*** Titled Tuesday 3|2 Blitz"]
[Site "Chess.com"]
[Date "2016.10.04"]
[Round "1"]
[White "ilya261991"]
[Black "RamonManon0g"]
[Result "1-0"]
[WhiteElo "2484"]
[BlackElo "2202"]
[TimeControl "180+2"]
[EndTime "11:07:20 PDT"]
[Termination "ilya261991 won by resignation"]

1. d4 Nf6 2. c4 g6 3. f3 d5 4.
cxd5 Nxd5 5. e4 Nb6 6. Nc3 Bg7 7. Be3 Nc6 8. Bb5 O-O 9. Nge2 Bd7 10. Rc1 a6 11. Bxc6 Bxc6 12. d5 Bd7 13. Bd4 e5 14.
dxe6 Bxe6 15. Bxg7 Kxg7 16. Qd4+ Qxd4 17. Nxd4 Bd7 18.
Nce2 Rac8 19. Kf2 c5 20. Nb3 Na4 21. Rc2 Be6 22. Nf4 c4 23. Nxe6+ fxe6 24. Nd4 Kf6 25. Rhc1 b5 26. b3 Nc5 27. Ke3 Nd3 28. Rd1 Nb4 29.
Rf2 e5 30. Nc2 Nxa2 31. bxc4 Rxc4 32. Rd6+ Kg7 33. Rfd2 a5 34. Kf2 b4 35. Ne3 Rc5 36. Rxa2 Ra8 37. Rb6 Rc3 38. Rxb4 Rd8 39. Rb7+ Kh6 40. Nd5 Rc5 41. h4 1-0

[Event "*** Titled Tuesday 3|2 Blitz"]
[Site "Chess.com"]
[Date "2016.10.04"]
[Round "1"]
[White "Dr-Bassem"]
[Black "pastouche06"]
[Result "1-0"]
[WhiteElo "2618"]
[BlackElo "2332"]
[TimeControl "180+2"]
[EndTime "11:07:27 PDT"]
[Termination "Dr-Bassem won by resignation"]

1. e4 c6 2. d4 d5 3. exd5 cxd5 4.
c4 Nf6 5. Nc3 Nc6 6. Bg5 e6 7. Nf3 Be7 8. c5 O-O 9. Bb5 Ne4 10.
Bxe7 Nxe7 11. Rc1 Bd7 12. Bd3 f5 13. Ne5 Ng6 14. Nxg6 hxg6 15. O-O b6 16. c6 Bxc6 17. Nxe4 dxe4 18. Rxc6 exd3 19. Qxd3 Qd5 20. Qc4 Qxc4 21. Rxc4 Rad8 22. Re1 Rd6 23. g3 Rfd8 24. Rc7 R8d7 25. Rxd7 Rxd7 26. Rxe6 Kf7 27. Rc6 Rxd4 28. Rc7+ Kf6 29.
Rxa7 g5 30. h3 g4 31. hxg4 fxg4 32. b3 g5 33. Ra6 Rd6 34. Kf1 Re6 35. Ra4 Kf5 36.
Rb4 Rc6 37. a3 Rc1+ 38. Ke2 Ra1 39. a4 Ra2+ 40. Ke3 Rc2 41. Rb5+ 1-0

[Event "*** Titled Tuesday 3|2 Blitz"]
[Site "Chess.com"]
[Date "2016.10.04"]
[Round "1"]
[White "Er_is_geen_hoop_meer"]
[Black "DavitZarkua"]
[Result "0-1"]
[WhiteElo "2256"]
[BlackElo "2523"]
[TimeControl "180+2"]
[EndTime "11:07:32 PDT"]
[Termination "DavitZarkua won by resignation"]

1. Nf3 d5 2. g3 Nc6 3. d4 Bg4 4.
Bg2 Nf6 5. h3 Bxf3 6. Bxf3 e5 7.
dxe5 Nxe5 8. Bg2 c6 9. O-O Bc5 10. Nd2 O-O 11. e3 Re8 12. b3 Qd6 13. a3 Rad8 14.
b4 Bb6 15. Bb2 d4 16. e4 d3 17. c4 Bd4 18. Bxd4 Qxd4 19. Qb3 h5 20. Kh1 h4 21.
f4 Ng6 22. g4 Qe3 23. Qb2 Nxe4 24. Nxe4 Rxe4 25. Bxe4 Qxe4+ 26. Qg2 Qxc4 27. f5 Nf4 28. Qf3 Ne2 29. Rfd1 Ng3+ 30. Kg2 Ne4 31. Qf4 Qc2+ 32. Kg1 Nc3 33. Qf3 Nxd1 34. Rxd1 d2 35. f6 Qd3 36. Qf4 Qd4+ 37. Qxd4 Rxd4 38. fxg7 Kxg7 39. Kf2 Kf6 40. Ke2 Ke5 41. Rxd2 Rxd2+ 42. Kxd2 Kf4 43. Ke2 Kg3 44. Ke3 Kxh3 45. Kf3 b6 46. g5 c5 47. b5 c4 48.
a4 c3 49. g6 fxg6 50. a5 c2 51.
axb6 axb6 52. Kf2 c1=Q 0-1

[Event "*** Titled Tuesday 3|2 Blitz"]
[Site "Chess.com"]
[Date "2016.10.04"]
[Round "1"]
[White "wonderfultime"]
[Black "oskariot"]
[Result "0-1"]
[WhiteElo "2682"]
[BlackElo "2374"]
[TimeControl "180+2"]
[EndTime "11:07:34 PDT"]
[Termination "oskariot won by resignation"]

1. d4 Nf6 2. c4 g6 3. Nc3 Bg7 4.
e4 d6 5. f3 O-O 6. Be3 c5 7. Nge2 Nc6 8. d5 Ne5 9. Ng3 h5 10. Be2 h4 11. Nf1 e6 12. f4 Nxc4 13.
Bxc4 b5 14. Bxb5 exd5 15. e5 dxe5 16. fxe5 Bg4 17. exf6 Bxd1 18. fxg7 Kxg7 19. Rxd1 d4 20. Bd2 Qb6 21. Bc4 dxc3 22. Bxc3+ Kh6 23. Ne3 Rfe8 24.
O-O Rxe3 25. Bd2 Re8 26. Rde1 Qxb2 27. Rxe3 Qxd2 28. Rxe8 Qd4+ 29. Rf2 Qxc4 30. Re7 f5 31. Rxa7 Qc1+ 32. Rf1 Qe3+ 33. Kh1 h3 34. Ra4 Qe2 35. Rh4+ Kg5 0-1

[Event "*** Titled Tuesday 3|2 Blitz"]
[Site "Chess.com"]
[Date "2016.10.04"]
[Round "1"]
[White "MaestroASK"]
[Black "Haridaskesavan"]
[Result "1-0"]
[WhiteElo "2456"]
[BlackElo "2139"]
[TimeControl "180+2"]
[EndTime "11:07:43 PDT"]
[Termination "MaestroASK won by resignation"]

1. g3 g6 2. Bg2 Bg7 3. d3 e5 4. c3 Ne7 5. e4 O-O 6. Nh3 c6 7. O-O d5 8. f4 dxe4 9. dxe4 Qxd1 10. Rxd1 Bg4 11. Re1 Na6 12. Nf2 Be6 13. Be3 Rfd8 14. Bf1 Nc7 15. Nd2 b6 16. Nf3 f6 17. fxe5 fxe5 18.
Bg5 Kf7 19. Bh3 Bxh3 20. Nxh3 h6 21. Be3 g5 22. Nf2 Ne6 23. Rf1 Ke8 24. a4 c5 25.
a5 Nc6 26. axb6 axb6 27. h4 Bf6 28. Ng4 Bg7 29. hxg5 hxg5 30. Nxg5 Nxg5 31. Bxg5 Rxa1 32. Rxa1 Rd3 33. Kf2 Kf7 34. Ra6 Kg6 35. Be3 Kh5 36. Nh2 Bh6 37. Bxh6 Kxh6 38. Rxb6 Rd6 39. Ng4+ Kg5 40.
Ne3 Rd2+ 41. Ke1 Rd6 42. Nc4 Re6 43. Rb5 Kg4 44. Kf2 Rf6+ 45. Ke2 Kxg3 46. Rxc5 Kf4 47.
Kd3 Rh6 48. Nd2 Rh3+ 49. Kc2 Ne7 50. Rc7 Ng6 51. Rf7+ Ke3 52. b4 Rh2 53. Rf3+ Ke2 54. Rd3 Nf4 55. Rd6 Ke1 56. b5 Ng2 57. b6 Ne3+ 58.
Kb3 Rxd2 59. Rxd2 Kxd2 60. b7 1-0

[Event "*** Titled Tuesday 3|2 Blitz"]
[Site "Chess.com"]
[Date "2016.10.04"]
[Round "1"]
[White "GM_Levan_Pantsulaia"]
[Black "micfel"]
[Result "1-0"]
[WhiteElo "2467"]
[BlackElo "2146"]
[TimeControl "180+2"]
[EndTime "11:07:51 PDT"]
[Termination "GM_Levan_Pantsulaia won by resignation"]

1. Nf3 d5 2. g3 c5 3. c4 d4 4. e3 Nc6 5. exd4 cxd4 6. d3 e5 7. Bg2 Bd6 8. O-O Nge7 9. Re1 f6 10. Na3 O-O 11. Nc2 a5 12. b3 Kh8 13. Nh4 Nf5 14. Nf3 Nfe7 15. a3 Bg4 16. Rb1 Qd7 17. b4 axb4 18. axb4 Ng6 19. b5 Nce7 20. Bd2 b6 21.
Bb4 Nf5 22. Qc1 Rad8 23. Nd2 Nh6 24. Ra1 f5 25. Bxd6 Qxd6 26. Ra6 f4 27. Ne4 Qc7 28. Qa3 Rd7 29. Nb4 fxg3 30. hxg3 Qd8 31. Nd5 Rdf7 32.
Ra1 Bf3 33. Ra8 Qd7 34. Rxf8+ Rxf8 35. Bxf3 Rxf3 36. Qa8+ Rf8 37. Qc6 Qd8 38. c5 bxc5 39. b6 Nf5 40. b7 Nge7 41. Nxe7 Nxe7 42. Qxc5 h6 43. Ra8 1-0

[Event "*** Titled Tuesday 3|2 Blitz"]
[Site "Chess.com"]
[Date "2016.10.04"]
[Round "1"]
[White "Lukianoo"]
[Black "David_Klein"]
[Result "1-0"]
[WhiteElo "2730"]
[BlackElo "2385"]
[TimeControl "180+2"]
[EndTime "11:07:53 PDT"]
[Termination "Lukianoo won by resignation"]

1. e4 e5 2. d4 exd4 3. Qxd4 Nc6 4. Qe3 Nf6 5. Nc3 Bb4 6. Bd2 O-O 7. O-O-O Re8 8. Bc4 Na5 9. Be2 d5 10. Nxd5 Bxd2+ 11. Qxd2 Nc6 12. Qf4 Nxd5 13. exd5 Ne5 14. Nf3 Ng6 15.
Qd2 Bg4 16. h3 Bxf3 17. Bxf3 Qd6 18. Rhe1 Ne5 19. Re3 Nc4 20. Rxe8+ Rxe8 21. Qd4 Qa6 22. a3 Nd6 23. Qc5 Re7 24. Kb1 g6 25. h4 h5 26. g4 hxg4 27. Bxg4 Qa4 28. Rd4 Qa6 29. c4 Qa4 30. Qb4 Qa6 31. c5 Qf1+ 32. Rd1 Qg2 33. cxd6 Re4 34. dxc7 Qxg4 35. c8=Q+ Qxc8 36. Qxe4 1-0

[Event "*** Titled Tuesday 3|2 Blitz"]
[Site "Chess.com"]
[Date "2016.10.04"]
[Round "1"]
[White "promen1999"]
[Black "VovAn1991"]
[Result "1-0"]
[WhiteElo "2308"]
[BlackElo "2477"]
[TimeControl "180+2"]
[EndTime "11:07:54 PDT"]
[Termination "promen1999 won on time"]

1. d4 Nf6 2. c4 g6 3. Nc3 Bg7 4.
Nf3 O-O 5. e4 d6 6. Be2 e5 7. d5 a5 8. Bg5 Na6 9. Nd2 h6 10. Be3 Nh7 11. g4 f5 12. gxf5 gxf5 13. exf5 Bxf5 14. Rg1 Kh8 15. Bg4 Bd3 16. Nde4 Nb4 17.
Be6 Nc2+ 18. Kd2 Nxe3 19. fxe3 Bxc4 20. Qg4 Qe7 21. Ng3 b5 22. Nf5 Qg5 23. Qh3 Rxf5 24. Bxf5 Qf6 25. Rg6 Qf7 26. Rag1 Rf8 27. Rxg7 Qxf5 28.
Rg8+ 1-0

[Event "*** Titled Tuesday 3|2 Blitz"]
[Site "Chess.com"]
[Date "2016.10.04"]
[Round "1"]
[White "Saitama_Hero"]
[Black "ChessWarrior7197"]
[Result "0-1"]
[WhiteElo "2183"]
[BlackElo "2474"]
[TimeControl "180+2"]
[EndTime "11:07:54 PDT"]
[Termination "ChessWarrior7197 won by resignation"]

1. d4 Nf6 2. Nf3 e6 3. Bg5 d5 4. e3 Be7 5. Bd3 Nbd7 6. O-O c5 7. c4 cxd4 8. exd4 dxc4 9. Bxc4 O-O 10. Nc3 Nb6 11.
Bd3 Bd7 12. Qe2 Bc6 13. Rad1 Nfd5 14. Bc1 Rc8 15. Ne5 Nd7 16. Ne4 Nxe5 17. dxe5 Qc7 18. Ng5 h6 19. Qe4 Nf6 20. Qh4 Ne8 21. f4 Rd8 22.
Bb1 Rxd1 23. Rxd1 Bd5 24. Qh3 Qb6+ 25. Kh1 Qf2 26. Ne4 Bxe4 27. Bxe4 Nc7 28. Bxb7 Rd8 29. Rg1 Bc5 0-1